 Dungeon Crawl Stone Soup version 0.21.1-1-g345015f (webtiles) character file.

34 tidbits the Grave Robber (level 3, 14/25 HPs)
             Began as a Gnoll Necromancer on June 26, 2018.
             Quit the game on level 2 of the Dungeon.
             The game lasted 00:02:51 (310 turns).

tidbits the Grave Robber (Gnoll Necromancer)         Turns: 310, Time: 00:02:52

Health: 14/25      AC:  2    Str: 10    XL:     3   Next: 31%
Magic:  9/9        EV: 14    Int: 18    God:
Gold:   31         SH:  0    Dex: 15    Spells: 4/12 levels left

rFire    . . .     SeeInvis .   a - +0 dagger
rCold    . . .     Gourm    .   (no shield)
rNeg     . . .     Faith    .   d - +0 robe
rPois    .         Spirit   .   (no helmet)
rElec    .         Reflect  .   (no cloak)
rCorr    .         Harm     .   (no gloves)
MR       .....                  (no boots)
Stlth    +++.......             (no amulet)
HPRegen  0.08/turn              (no ring)
MPRegen  0.11/turn              (no ring)

@: no status effects
A: distributed training, fangs 1, strong nose
a: no special abilities


You were on level 2 of the Dungeon.
You were not hungry.

You visited 1 branch of the dungeon, and saw 3 of its levels.

You collected 31 gold pieces.

Inventory:

Hand Weapons
 a - a +0 dagger (weapon)
 g - a +0 war axe
 i - a +0 quarterstaff
 k - a +0 trident
Missiles
 h - a throwing net (quivered) {!f}
Armour
 d - a +0 robe (worn)
Scrolls
 e - a scroll of teleportation {unknown}
Potions
 f - 2 potions of brilliance {unknown}
 j - a potion of curing
Books
 b - a book of Necromancy

   Spells                             Type                      Level
   a - Pain                           Necromancy                   1
   b - Animate Skeleton               Necromancy                   1
   c - Vampiric Draining              Necromancy                   3
   d - Regeneration                   Charms/Necromancy            3
   e - Animate Dead                   Necromancy                   4
   f - Borgnjor's Vile Clutch         Necromancy/Earth             5
Comestibles
 c - 5 rations


   Skills:
 + Level 0.7 Fighting
 + Level 0.7 Short Blades
 + Level 0.7 Long Blades
 + Level 0.7 Axes
 + Level 0.7 Maces & Flails
 + Level 0.7 Polearms
 + Level 0.7 Staves
 + Level 0.7 Slings
 + Level 0.7 Bows
 + Level 0.7 Crossbows
 + Level 0.7 Throwing
 + Level 0.7 Armour
 + Level 4.5 Dodging
 + Level 4.1 Stealth
 + Level 0.7 Shields
 + Level 0.7 Unarmed Combat
 + Level 5.0 Spellcasting
 + Level 0.5 Conjurations
 + Level 0.5 Hexes
 + Level 0.5 Charms
 + Level 0.5 Summonings
 + Level 7.1 Necromancy
 + Level 0.5 Translocations
 + Level 0.5 Transmutations
 + Level 0.5 Fire Magic
 + Level 0.5 Ice Magic
 + Level 0.5 Air Magic
 + Level 0.5 Earth Magic
 + Level 0.5 Poison Magic
 + Level 0.9 Invocations
 + Level 0.7 Evocations


You had 4 spell levels left.
You knew the following spells:

 Your Spells              Type           Power        Failure   Level  Hunger
a - Pain                  Necr           ####         1%          1    None
d - Vampiric Draining     Necr           ####......   2%          3    ##.....
n - Animate Skeleton      Necr           N/A          1%          1    None
r - Regeneration          Chrm/Necr      ###.......   9%          3    ##.....


Dungeon Overview and Level Annotations

Branches:
Dungeon (3/15)

Altars:
Nemelex Xobeh

Annotations:
D:3 RottenKnight's ghost, amateur MfSu


Innate Abilities, Weirdness & Mutations

Your experience applies equally to all skills.
You have very sharp teeth.
Your uncanny sense of smell can sniff out nearby items.


Message History

The orc writhes in agony!
You kill the orc!
Your Spellcasting skill increases to level 5!
An orc comes into view. It is wielding a trident.
The orc moves out of view.
Found a stone staircase leading up.
Casting: Pain
Confirm with . or Enter, or press ? or * to list all spells.
Aiming: Pain
Press: ? - help, Shift-Dir - straight line, f - orc
Aim: an orc, wielding a trident (chance to defeat MR: 93%)
The orc barely resists.
Casting: Pain
Confirm with . or Enter, or press ? or * to list all spells.
Aiming: Pain
Press: ? - help, Shift-Dir - straight line, f/p - orc
Aim: an orc, wielding a trident (chance to defeat MR: 93%)
The orc writhes in agony!
You kill the orc!
Things that are here:
a short sword; an orc corpse You see here a coppery potion.
j - a coppery potion
Things that are here:
a short sword; an orc corpse
Things that are here:
a trident; an orc corpse
k - a trident
There is a stone staircase leading up here.
You climb upwards.
Found 21 gold pieces.
There is a stone staircase leading down here.
Unknown command.
You see here 13 gold pieces.
You now have 23 gold pieces (gained 13).
You see here 8 gold pieces.
You now have 31 gold pieces (gained 8).
A goblin comes into view.
Found a ration.
You see here a ration.
c - 4 rations (gained 1)
Found a black potion.
You see here a black potion.
f - 2 black potions (gained 1)
A giant cockroach comes into view.
Casting: Pain
Confirm with . or Enter, or press ? or * to list all spells.
Aiming: Pain
Press: ? - help, Shift-Dir - straight line, f - giant cockroach
Aim: a giant cockroach (clinging, chance to defeat MR: 93%)
The giant cockroach writhes in agony!
You kill the giant cockroach!
There is a stone staircase leading down here.
You climb downwards.
There is a stone staircase leading up here.
Unknown command.
RottenKnight's ghost (amateur Merfolk Summoner) comes into view.
Unknown command.
There is a stone staircase leading up here.
Unknown command.
You climb upwards.
A bat comes into view.
Found a stone staircase leading up.
A giant cockroach comes into view.
There is a stone staircase leading down here.
The giant cockroach moves out of view.
Unknown command.
The helpless bat fails to defend itself.
You puncture the bat!
You kill the bat!
Found a coppery potion.
There is a stone staircase leading up here.
Magic restored.
You climb upwards.
A giant cockroach and a hobgoblin come into view.
There is a stone staircase leading down here.
The giant cockroach closely misses you.
Unknown command.
You closely miss the giant cockroach. You bite the giant cockroach.
The giant cockroach is moderately wounded.
The giant cockroach misses you. The giant cockroach closely misses you.
There is a stone staircase leading down here.
The giant cockroach bites you but does no damage.
You climb downwards.
There is a stone staircase leading up here.
Unknown command.
Casting: Pain
Confirm with . or Enter, or press ? or * to list all spells.
Aiming: Pain
Press: ? - help, Shift-Dir - straight line, f - giant cockroach
Aim: a giant cockroach (moderately wounded, chance to defeat MR: 93%)
The giant cockroach writhes in agony!
You kill the giant cockroach!
You see here a coppery potion.
j - 2 coppery potions (gained 1)
Found a ration.
You see here a ration.
c - 5 rations (gained 1) It was a potion of curing.
You feel better.
Are you sure you want to abandon this character and quit the game? (Confirm with "yes".)

#.# #####.#####
#.........
#.......
#..##.#######
#...........#
#####.##.#####.#
#.....#<.#
#@#####†.#####.#
#...#...>.......
∆
###.#.#####.....
.#. .... # ... .
∆


There were no monsters in sight!

Vanquished Creatures
  A worker ant zombie (D:3)
  A dart slug (D:2)
  A leopard gecko (D:3)
  2 orcs (D:3)
  2 giant cockroaches (D:2)
  3 goblins
  A hobgoblin (D:2)
  3 bats
  3 kobolds
  A rat (D:2)
18 creatures vanquished.

Notes
Turn   | Place    | Note
-------+----------+-------------------------------------------
     0 | D:1      | tidbits the Gnoll Necromancer began the quest for the Orb.
     0 | D:1      | Reached XP level 1. HP: 13/13 MP: 6/6
    50 | D:2      | Reached XP level 2. HP: 8/19 MP: 0/7
    53 | D:2      | Learned a level 1 spell: Animate Skeleton
    76 | D:2      | You fall through a shaft!
   143 | D:3      | Found a sparkling altar of Nemelex Xobeh.
   192 | D:3      | Reached XP level 3. HP: 4/25 MP: 3/9
   198 | D:3      | Learned a level 3 spell: Vampiric Draining
   202 | D:3      | Learned a level 3 spell: Regeneration
   207 | D:3      | Reached skill level 5 in Spellcasting
   279 | D:3      | Noticed RottenKnight's ghost (amateur MfSu)
   310 | D:2      | Quit the game

Skill      XL: |  1  2  3 |
---------------+----------+-----
Spellcasting   | 5 |  5.0
Fighting       | |  0.7
Short Blades   | |  0.7
Long Blades    | |  0.7
Axes           | |  0.7
Maces & Flails | |  0.7
Polearms       | |  0.7
Staves         | |  0.7
Slings         | |  0.7
Bows           | |  0.7
Crossbows      | |  0.7
Throwing       | |  0.7
Armour         | |  0.7
Dodging        | |  4.5
Stealth        | |  4.1
Shields        | |  0.7
Unarmed Combat | |  0.7
Conjurations   | |  0.5
Hexes          | |  0.5
Charms         | |  0.5
Summonings     | |  0.5
Necromancy     | |  7.1
Translocations | |  0.5
Transmutations | |  0.5
Fire Magic     | |  0.5
Ice Magic      | |  0.5
Air Magic      | |  0.5
Earth Magic    | |  0.5
Poison Magic   | |  0.5
Invocations    | |  0.9
Evocations     | |  0.7

Action                   || total
-------------------------++-------
Melee: Dagger            ||     6
       War axe           ||     6
       Bite              ||     1
 Cast: Pain              ||    22
  Use: Potion            ||     1
 Stab: Sleeping          ||     1
Armor: Robe              ||     2
Dodge: Dodged            ||    11

Table legend:
 A = Turns spent in this place as a percentage of turns spent in the entire game.
 B = Non-inter-level travel turns spent in this place as a percentage of non-inter-level travel turns spent in the entire game.
 C = Inter-level travel turns spent in this place as a percentage of turns spent in this place.
 D = Turns resting spent in this place as a percentage of non-inter-level travel turns spent in this place.
 E = Turns spent auto-exploring this place as a percentage of non-inter-level travel turns spent in this place.
 F = Non-inter-level travel turns spent in this place divided by the number of levels of this place that you've seen.
                   A       B       C       D       E      F
               +-------+-------+-------+-------+-------+----------------------
         Total | 100.0 | 100.0 |   0.0 |   0.0 |   0.0 | 103.3
       Dungeon | 100.0 | 100.0 |   0.0 |   0.0 |   0.0 | 103.3
               +-------+-------+-------+-------+-------+----------------------

Table legend:
 A = Kills in this place as a percentage of kills in entire the game.
 B = Kills by you in this place as a percentage of kills by you in the entire game.
 C = Kills by friends in this place as a percentage of kills by friends in the entire game.
 D = Other kills in this place as a percentage of other kills in the entire game.
 E = Experience gained in this place as a percentage of experience gained in the entire game.
 F = Experience gained in this place divided by the number of levels of this place that you have seen.
                   A       B       C       D       E      F
               +-------+-------+-------+-------+-------+----------------------
         Total | 100.0 | 100.0 |   N/A |   N/A | 100.0 |  16.3
       Dungeon | 100.0 | 100.0 |   N/A |   N/A | 100.0 |  16.3
               +-------+-------+-------+-------+-------+----------------------

Vault maps used:
D:1:      scummos_arrival_simple_crosswalls, minivault_24
D:2:      kennysheep_doodads, grunt_decor_fettered, minmay_crystal_water
D:3:      nemelex_xobeh_ov_fountains_minmay
